 Dungeon Crawl Stone Soup version 0.24-a0-545-gd1b266bae6 (webtiles) character file.

Game seed: 5495806381175244221

798 Majang the Shield-Bearer (level 8, -7/61 HPs)
             Began as a Formicid Fighter on Aug 18, 2019.
             Was a Follower of Makhleb.
             Mangled by a troll (9 damage)
             ... on level 12 of the Dungeon.
             The game lasted 00:13:21 (4722 turns).

Majang the Shield-Bearer (Formicid Fighter)         Turns: 4722, Time: 00:13:23

Health: -7/61      AC: 12    Str: 24    XL:     8   Next: 13%
Magic:  10/10      EV:  8    Int:  7    God:    Makhleb [*.....]
Gold:   272        SH: 10    Dex: 10    Spells: 7/7 levels left

rFire    . . .     SeeInvis +   a - +0 war axe
rCold    . . .     Gourm    .   c - +0 shield
rNeg     . . .     Faith    .   A - +0 chain mail
rPois    .         Spirit   .   (helmet unavailable)
rElec    .         Reflect  .   h - +0 cloak
rCorr    .         Harm     .   u - +0 pair of gloves
MR       .....                  (no boots)
Stlth    ..........             (no amulet)
HPRegen  0.20/turn              (no ring)
MPRegen  0.12/turn              (no ring)

@: no status effects
A: permanent stasis, dig shafts and tunnels, four strong arms, antennae 3
a: Dig, Shaft Self, Renounce Religion


You were on level 12 of the Dungeon.
You worshipped Makhleb.
Makhleb was aware of your devotion.
You were not hungry.

You visited 2 branches of the dungeon, and saw 9 of its levels.

You collected 272 gold pieces.

Inventory:

Hand Weapons
 a - a +0 war axe (weapon)
 y - a +1 mace of crushing
Missiles
 n - 34 bolts
 q - 33 arrows
 E - 3 boomerangs (quivered)
Armour
 c - a +0 shield (worn)
 h - a +0 cloak (worn)
 u - a +0 pair of gloves (worn)
 A - a +0 chain mail (worn)
Jewellery
 i - a +4 ring of strength {unknown}
 l - an uncursed ring of flight {unknown}
 o - an uncursed ring of protection from cold
 s - a +2 amulet of reflection {unknown}
 B - an uncursed ring of poison resistance
Wands
 D - a wand of random effects (16)
Scrolls
 k - 3 scrolls of blinking {unknown}
 m - 2 scrolls of teleportation {unknown}
 r - 5 scrolls of identify {unknown}
 t - 2 scrolls of enchant weapon {unknown}
 v - 4 scrolls of remove curse {unknown}
 w - 3 scrolls of fog {unknown}
 z - a scroll of random uselessness {unknown}
 F - 2 scrolls of amnesia {unknown}
 H - a scroll of fear {unknown}
 I - a scroll of enchant armour {unknown}
Potions
 b - a potion of haste {unknown}
 d - a potion of might
 e - a potion of flight {unknown}
 g - 2 potions of heal wounds {unknown}
 j - a potion of ambrosia {unknown}
 p - 2 potions of curing {unknown}
 x - a potion of magic {unknown}
 C - a potion of lignification {unknown}
 G - 3 potions of mutation {unknown}
Comestibles
 f - 5 rations


   Skills:
 + Level 4.8 Fighting
 * Level 5.0 Axes
 + Level 4.7 Armour
 + Level 2.8 Dodging
 + Level 5.2 Shields
 + Level 3.1 Invocations


You had 7 spell levels left.
You didn't know any spells.
Your spell library contained the following spells:

 Spells                   Type           Power        Failure   Level  Hunger
 Magic Dart               Conj           #...         100%        1    ##.....
 Searing Ray              Conj           #.....       100%        2    ###....
 Dazzling Spray           Conj/Hex       #.....       100%        3    ####...
 Force Lance              Conj/Tloc      #.......     100%        4    #####..
 Fulminant Prism          Conj/Hex       #.........   100%        4    #####..
 Iskenderun's Mystic Bla  Conj           #.......     100%        4    #####..


Dungeon Overview and Level Annotations

Branches:
Dungeon (10/15)            Temple (1/1) D:4             Orc (0/2) D:10
   Lair: D:8-11

Altars:
Elyvilon
Makhleb
Ru
Uskayaw
Wu Jian
Xom
Yredelemnul
Zin

Portals:
Ice
Cave: D:12


Innate Abilities, Weirdness & Mutations

You cannot be hasted, slowed, berserked, paralysed or teleported.
You can dig through walls and to a lower floor.
Your four strong arms can wield two-handed weapons with a shield.
You have a pair of large antennae on your head. (SInv)


Message History

You hit the ice beast but do no damage. You hit the troll.
You slash the ice beast! You hit the ice beast.
The ice beast hits you but does no damage.
The troll bites you. The troll claws you.
* * * LOW HITPOINT WARNING * * *
The troll closely misses you. You block the ice beast's attack.
The ice beast hits you but does no damage. x2
You closely miss the ice beast.
The ice beast is lightly wounded.
You barely miss the ice beast. You hit the troll but do no damage.
You slash the ice beast! You hit the ice beast.
The ice beast hits you but does no damage.
You block the troll's attack. x2; The troll completely misses you.
The ice beast hits you but does no damage.
You block the ice beast's attack. The ice beast hits you.
* * * LOW HITPOINT WARNING * * *
The ice beast freezes you!
* * * LOW HITPOINT WARNING * * *
The troll bites you!
You die...

.. ..# . .##
..# .. ..# ...#
...#..# ...#
....... ....#
......Y##....##
#..∩YYYT......
#...YY@#
#...YY## ######


You could see a troll and 8 ice beasts.

Vanquished Creatures
  A sky beast (D:8)
  2 ogres
  2 howler monkeys
  2 orc priests (D:3)
  4 centaur skeletons
  3 orc wizards
  A hell rat (D:8)
  3 worker ants
  3 adders
  An adder skeleton (D:4)
  A worm (D:2)
  4 dart slugs
  2 leopard geckos (D:1)
  8 orcs
  6 bats
  3 giant cockroaches
  A goblin (D:2)
  6 hobgoblins
  2 quokkas
  2 frilled lizards
  A jackal skeleton (D:4)
  10 kobolds
  11 rats
79 creatures vanquished.

Notes
Turn   | Place    | Note
-------+----------+-------------------------------------------
     0 | D:1      | Majang the Formicid Fighter began the quest for the Orb.
     0 | D:1      | Reached XP level 1. HP: 18/18 MP: 1/1
   117 | D:1      | Reached XP level 2. HP: 24/24 MP: 2/2
   583 | D:1      | Reached XP level 3. HP: 28/29 MP: 3/3
   622 | D:1      | Reached skill level 1 in Dodging
  1067 | D:2      | Found a white marble altar of Elyvilon.
  1070 | D:2      | Found a basalt altar of Yredelemnul.
  1070 | D:2      | Found a burning altar of Makhleb.
  1071 | D:2      | Found an ornate altar of the Wu Jian Council.
  1071 | D:2      | Found a shimmering altar of Xom.
  1071 | D:2      | Found a sacrificial altar of Ru.
  1089 | D:2      | Became a worshipper of Makhleb the Destroyer
  1099 | D:2      | Reached XP level 4. HP: 34/36 MP: 4/4
  1771 | D:3      | Found a glowing silver altar of Zin.
  2353 | D:4      | Reached XP level 5. HP: 39/42 MP: 5/5
  2378 | D:4      | Reached skill level 1 in Invocations
  2554 | D:4      | Noticed an ogre
  2578 | D:3      | Reached XP level 6. HP: 19/48 MP: 5/7
  2761 | D:3      | Killed an ogre
  3034 | D:3      | Reached XP level 7. HP: 22/54 MP: 8/8
  3255 | D:4      | Reached * piety under Makhleb
  3355 | D:4      | Found a staircase to the Ecumenical Temple.
  3444 | Temple   | Entered the Ecumenical Temple
  3871 | D:5      | Entered Level 5 of the Dungeon
  3931 | D:5      | You fall into a shaft and drop 3 floors!
  4057 | D:8      | Noticed a death yak
  4062 | D:8      | Reached skill level 5 in Shields
  4067 | D:8      | Noticed a death yak
  4069 | D:8      | Noticed a death yak
  4073 | D:8      | You fall into a shaft and drop 2 floors!
  4073 | D:10     | Entered Level 10 of the Dungeon
  4328 | D:10     | Found a staircase to the Orcish Mines.
  4378 | D:10     | Reached XP level 8. HP: 18/61 MP: 10/10
  4675 | D:10     | Reached skill level 5 in Axes
  4712 | D:10     | Noticed a fire dragon
  4712 | D:10     | Noticed a hornet
  4715 | D:10     | You fall into a shaft and drop 2 floors!
  4715 | D:12     | Found a frozen archway.
  4715 | D:12     | Noticed a troll
  4722 | D:12     | HP: 2/61 [ice beast (14)]
  4722 | D:12     | Mangled by a troll

Levels and vault maps discovered:
D:1:      saegor_arrival_simple_c, layout_loops_cross, minmay_rat_gold_closets
D:2:      layout_loops_cross, grunt_temple_overflow_open, first_ration,
          dk_noncrumbling_2
D:3:      layout_basic, overflow_temple_1_default
D:4:      layout_rooms, minmay_temple_entry_grid
D:5:      layout_cave_pods, st_stairs_3
D:8:      layout_basic, dpeg_lair_monsters, lemuel_hellish_altar
D:10:     minmay_sliced_demisemicircle, layout_irregular_city, orc_0_dummy,
          serial_shops, nicolae_shop_crystal
D:12:     layout_irregular_city, portal_ice_cave_entry_ice_beasts, uniq_rupert
Temple:   regret_index_temple_waves

Skill      XL: |  1  2  3  4  5  6  7  8 |
---------------+-------------------------+-----
Dodging        | 1 2 |  2.8
Axes           | 3 4 5 |  5.0
Shields        | 4 5 |  5.2
Invocations    | 1 2 3 |  3.1
Fighting       | 4 |  4.8
Armour         | 4 |  4.7

Action                   |  1- 3 |  4- 6 |  7- 9 || total
-------------------------+-------+-------+-------++-------
Melee: War axe           |   110 |    96 |    71 ||   277
 Abil: Shaft Self        |       |       |     2 ||     2
  Use: Potion            |       |       |     1 ||     1
  Eat: Chunk             |     1 |     6 |     4 ||    11
       Ration            |       |       |     1 ||     1
Armor: Scale mail        |    33 |    37 |    18 ||    88
       Chain mail        |       |       |    25 ||    25
Dodge: Dodged            |    28 |    40 |    32 ||   100
Block: Shield            |    56 |    70 |    47 ||   173

Table legend:
 A = Non-vault XP
 B = Vault XP
 C = Vault XP percentage of total XP
 D = Non-vault monster count
 E = Vault monster count
 F = Vault count percentage of total count
                 A         B        C        D         E       F
            +---------+---------+-------+---------+---------+-------
      Total |    1097 |      44 |   3.9 |      70 |       9 |  11.4
            +---------+---------+-------+---------+---------+-------
        D:1 |      31 |       7 |  18.4 |      17 |       7 |  29.2
        D:2 |      56 |       0 |   0.0 |      16 |       0 |   0.0
        D:3 |     374 |       0 |   0.0 |      19 |       0 |   0.0
        D:4 |     269 |       0 |   0.0 |      13 |       0 |   0.0
        D:5 |      39 |       3 |   7.1 |       1 |       1 |  50.0
        D:8 |     165 |      34 |  17.1 |       2 |       1 |  33.3
       D:10 |     163 |       0 |   0.0 |       2 |       0 |   0.0
            +---------+---------+-------+---------+---------+-------
